Map: King Sejong Station LE

Players

Pokebunny - Winner!

  • Race: Terran Terran
  • League: Master

Rengen

  • Race: Protoss Protoss
  • League: Grandmaster

Event: Cheesadelphia Summer 2016

VOD

https://youtu.be/ZNF48oUTaZA

Description

Time

  • Played on: July 23, 2016, 3:32 p.m.
  • Length: 9:35

All games in this series

Show
View Real Time Build Order
Export as new Build Order

Pokebunny Terran - Winner!

Build Orders: Reaper Expand, MMM Bio 

Get SALT Encoding   

  12  0:00  SCV  
  13  0:12  SCV  
  14  0:18  Supply Depot  
  14  0:25  SCV  
  15  0:40  SCV  
  15  0:41  Barracks  
  16  0:46  Refinery  
  16  0:52  SCV  
  17  1:04  SCV  
  18  1:16  SCV  
  19  1:28  Orbital Command  
  19  1:29  Reaper  
  20  1:42  Command Center  
  20  1:54  SCV  
  21  1:56  Supply Depot  
  21  2:00  Refinery  
  21  2:03  Barracks Reactor  
  21  2:06  SCV  
  22  2:16  Barracks  
  22  2:19  SCV  
  23  2:29  Factory  
  23  2:32  SCV  
  24  2:40  Marine x2  
  26  2:44  SCV  
  27  2:54  Orbital Command  
  27  2:58  Marine x2  
  28  3:02  SCV  
  28  3:04  Barracks Tech Lab  
  30  3:14  Starport  
  30  3:16  Factory Tech Lab  
  30  3:20  Marine x2  
  30  3:23  SCV  
  30  3:25  SCV  
  34  3:30  Combat Shields  
  34  3:34  Marine  
  34  3:36  SCV  
  34  3:37  SCV  
  37  3:42  Siege Tank  
  37  3:45  Marine x2  
  42  3:51  Supply Depot  
  42  3:54  Medivac  
  44  3:57  Marine  
  44  3:59  SCV  
  46  4:12  Supply Depot, Marine x2  
  46  4:13  SCV  
  46  4:15  Marine  
  50  4:19  Siege Tank  
  53  4:29  SCV x2  
  54  4:34  Supply Depot, Marine x3  
  54  4:37  Engineering Bay, Medivac  
  59  4:42  SCV x2  
  61  4:47  Refinery  
  61  4:56  Marine x3, Stimpack  
  64  5:08  Starport Reactor  
  64  5:10  SCV x2  
  66  5:15  Command Center  
  65  5:26  Marine x3  
  67  5:28  SCV x2  
  64  5:40  SCV x2  
  66  5:44  Barracks x2, Refinery  
  66  5:47  Terran Infantry Weapons Level 1  
  66  5:49  Missile Turret  
  65  5:50  Factory Reactor  
  65  5:52  SCV  
  65  5:53  SCV  
  66  6:04  Marine x3  
  66  6:05  SCV  
  70  6:12  SCV  
  70  6:23  Supply Depot, Barracks  
  70  6:24  Supply Depot  
  70  6:27  Medivac x2, SCV x2  
  77  6:33  Marauder x2  
  77  6:39  SCV x2, Orbital Command  
  81  6:42  Factory Reactor  
  81  6:48  Marine x4  
  81  6:49  Supply Depot  
  81  6:51  Concussive Shells  
  81  6:53  SCV  
  88  6:54  Marauder x2  
  88  6:55  SCV  
  88  7:01  Orbital Command  
  91  7:03  Medivac x2  
  91  7:05  SCV  
  91  7:07  SCV  
  97  7:12  Barracks Tech Lab, Marine x2  
  97  7:13  Marine x2  
  97  7:15  Missile Turret  
  101  7:17  Marauder  
  103  7:30  Supply Depot, SCV  
  103  7:31  Supply Depot, SCV  
  103  7:35  Liberator  
  103  7:36  Missile Turret  
  105  7:43  Liberator  
  97  7:48  Marine x4, Marauder  
  97  7:49  Widow Mine, Marauder x2  
  109  7:51  Widow Mine  
  109  7:53  Supply Depot  
  110  8:04  SCV x2  
  112  8:13  SCV  
  112  8:16  Supply Depot x2, SCV  
  112  8:18  Armory  
  114  8:20  Engineering Bay, Marine x2  
  114  8:21  Liberator, Supply Depot  
  114  8:24  Marine, Marauder  
  114  8:26  Liberator, Marine  
  118  8:38  Marauder  
  118  8:39  Marauder  
  124  8:41  SCV  
  124  8:42  SCV  
  124  8:47  Refinery  
  124  8:48  Refinery  
  127  8:56  SCV x2  
  129  9:03  Marine, Marauder  
  129  9:04  Marine x3, Marauder x2  
  140  9:31  Starport  
  140  9:32  Fusion Core  
Show
View Real Time Build Order
Export as new Build Order

Rengen Protoss 

Build Orders: 1 Gate Expand, Blink Stalkers 

Get SALT Encoding   

  12  0:00  Probe (Chrono Boost)  
  13  0:11  Probe (Chrono Boost)  
  14  0:18  Pylon  
  14  0:22  Probe (Chrono Boost)  
  15  0:36  Probe (Chrono Boost), Gateway  
  15  0:42  Assimilator  
  16  0:47  Probe (Chrono Boost)  
  17  0:58  Probe (Chrono Boost)  
  18  1:08  Probe (Chrono Boost)  
  19  1:22  Nexus  
  19  1:31  Cybernetics Core  
  19  1:34  Probe (Chrono Boost)  
  20  1:40  Assimilator  
  20  1:45  Probe (Chrono Boost)  
  21  1:50  Pylon  
  21  1:56  Probe (Chrono Boost)  
  23  2:12  Mothership Core (Chrono Boost)  
  23  2:14  Adept  
  26  2:23  Warp Gate  
  26  2:31  Probe (Chrono Boost)  
  26  2:34  Probe (Chrono Boost)  
  28  2:37  Robotics Facility  
  28  2:41  Probe (Chrono Boost)  
  29  2:44  Adept  
  29  2:45  Probe (Chrono Boost)  
  32  2:52  Probe (Chrono Boost)  
  32  2:56  Probe (Chrono Boost)  
  34  2:59  Twilight Council  
  34  3:02  Probe (Chrono Boost)  
  35  3:06  Probe (Chrono Boost)  
  36  3:13  Probe (Chrono Boost)  
  36  3:17  Probe (Chrono Boost)  
  38  3:21  Gateway  
  38  3:22  Observer  
  38  3:24  Blink  
  38  3:25  Probe (Chrono Boost)  
  40  3:27  Probe (Chrono Boost)  
  40  3:30  Gateway  
  41  3:37  Probe (Chrono Boost)  
  42  3:43  Probe (Chrono Boost)  
  42  3:44  Pylon  
  44  3:50  Probe (Chrono Boost)  
  44  3:51  Assimilator  
  44  3:53  Observer  
  45  3:57  Probe (Chrono Boost)  
  47  4:04  Probe (Chrono Boost)  
  47  4:09  Probe (Chrono Boost)  
  49  4:17  Nexus  
  49  4:26  Pylon  
  48  4:33  Adept  
  48  4:34  Adept  
  52  4:39  Immortal, Pylon  
  52  4:41  Pylon  
  52  4:44  Pylon  
  56  4:58  Stalker x3  
  55  5:10  Pylon  
  55  5:11  Probe x2 (Chrono Boost)  
  55  5:12  Gateway  
  55  5:25  Stalker x2  
  55  5:26  Adept  
  51  5:38  Immortal  
  45  5:47  Adept, Assimilator  
  51  5:50  Adept x2  
  53  6:06  Probe (Chrono Boost)  
  53  6:08  Adept, Gateway  
  56  6:13  Adept x3  
  56  6:20  Resonating Glaives  
  54  6:26  Pylon  
  54  6:31  Adept  
  56  6:37  Adept x2  
  58  6:42  Probe x3 (Chrono Boost)  
  61  6:50  Adept  
  61  6:52  Probe (Chrono Boost)  
  61  6:53  Probe (Chrono Boost)  
  63  6:55  Probe (Chrono Boost)  
  63  6:59  Assimilator  
  63  7:01  Stalker x2  
  66  7:03  Probe x2 (Chrono Boost)  
  66  7:05  Probe (Chrono Boost)  
  71  7:09  Gateway  
  71  7:10  Stalker  
  71  7:13  Probe (Chrono Boost)  
  71  7:15  Stalker  
  76  7:19  Stalker  
  76  7:21  Probe (Chrono Boost)  
  79  7:23  Probe (Chrono Boost)  
  80  7:34  Adept  
  80  7:35  Adept x2  
  86  7:41  Adept  
  84  7:49  Probe x3 (Chrono Boost), Adept  
  79  8:02  Probe x2 (Chrono Boost)  
  79  8:03  Adept  
  79  8:04  Adept x2  
  85  8:12  Adept x2  
  79  8:13  Probe x2 (Chrono Boost)  
  79  8:15  Probe (Chrono Boost)  
  82  8:21  Forge  
  82  8:23  Probe (Chrono Boost)  
  82  8:24  Adept x3  
  82  8:25  Sentry  
  92  8:27  Probe (Chrono Boost)  
  84  8:37  Immortal  
  84  8:38  Sentry x2  
  92  8:44  Adept x2  
  92  8:45  Pylon  
  91  8:56  Stalker  
  91  8:57  Stalker  
  91  9:01  Stalker  
  92  9:03  Stalker x2  
  76  9:18  Adept x2  
  76  9:22  Adept  
  67  9:29  Adept x4  
Tags
 
Add a new tag
Caveats
  • Supply blocks, unpowered buildings, or Contaminate may cause inaccurate times.
  • Supply counts are checked every 10 seconds.